 Dungeon Crawl Stone Soup version 0.29.1-13-g9f3cf754e1 (webtiles) character file.

Game seed: 8101694199495016445

4137 KittyFluff the Basher (level 10, 0/61 HPs)
             Began as a Gargoyle Berserker on Jan 23, 2023.
             Was an Elder of Trog.
             Slain by an orc warrior
             ... wielding a +0 spear
              (13 damage)
             ... in a bailey.
             The game lasted 00:29:45 (7482 turns).

KittyFluff the Basher (Gargoyle Berserker)          Turns: 7482, Time: 00:29:46

Health: 0/61       AC: 15    Str: 20    XL:     10   Next: 27%
Magic:  10/10      EV: 13    Int:  9    God:    Trog [****..]
Gold:   286        SH:  0    Dex: 13    Spells: 9/9 levels left

rFire   . . .      SeeInvis .   a - +0 mace
rCold   + . .      Faith    .   (no shield)
rNeg    + . .      Spirit   .   I - +1 leather armour {rC+}
rPois   ∞          Reflect  .   i - +0 helmet
rElec   +          Harm     .   r - +0 cloak
rCorr   +          Rampage  .   t - +0 pair of gloves
Will    .....                   (no boots)
Stlth   ++........              (no amulet)
HPRegen 0.20/turn               j - ring of resist corrosion
MPRegen 0.12/turn               (no ring)

@: no status effects
A: sickness immunity, AC +7, negative energy resistance 1, electricity
resistance, torment resistance 1, petrification resistance
a: Renounce Religion, Berserk, Trog's Hand, Brothers in Arms


You were in a bailey.
You worshipped Trog.
Trog was greatly pleased with you.
You visited 1 branch of the dungeon, and saw 7 of its levels.
You also visited: Bailey.

You collected 286 gold pieces.

Inventory:

Hand Weapons
 a - a +0 mace (weapon)
 A - the +7 spear "KittyFluff's Bane" {vorpal, Fly Will+ Str+3 Dex+2}
   (You found it on level 5 of the Dungeon)

   It inflicts extra damage upon your enemies.
   Str:       It affects your strength (+3).
   Dex:       It affects your dexterity (+2).
   Fly:       It grants you flight.
   Will:      It increases your willpower.
 B - a +0 shortbow
 J - a +0 flail
Missiles
 d - 37 stones (quivered)
 s - 3 javelins
Armour
 f - a +0 leather armour
 i - a +0 helmet (worn)
 r - a +0 cloak (worn)
 t - a +0 pair of gloves (worn)
 w - the +3 ring mail "Gaemav" {rElec Will++ Dex-5}
   (You found it on level 4 of the Dungeon)

   Dex:       It affects your dexterity (-5).
   rElec:     It insulates you from electricity.
   Will:      It greatly increases your willpower.
 x - a +0 ring mail
 I - a +1 leather armour of cold resistance (worn)
Jewellery
 j - a ring of resist corrosion (left hand)
Wands
 y - a wand of polymorph (9)
 F - a wand of flame (18)
 G - a wand of digging (8)
 H - a wand of acid (14)
Scrolls
 c - 3 scrolls of teleportation {unknown}
 e - 2 scrolls of fear {unknown}
 k - 3 scrolls of magic mapping {unknown}
 o - a scroll of fog
 q - 2 scrolls of enchant armour {unknown}
 u - 4 scrolls of vulnerability {unknown}
 C - a scroll of blinking
Potions
 g - a potion of curing
 h - 3 potions of might
 l - a potion of mutation
 m - 2 potions of heal wounds
 n - a potion of invisibility {unknown}
 v - a potion of magic {unknown}
 z - a potion of lignification {unknown}
 D - 2 potions of attraction {unknown}
 E - a potion of haste {unknown}


   Skills:
 + Level 6.6 Fighting
 + Level 14.1 Maces & Flails
 + Level 0.3 Polearms
 + Level 0.3 Ranged Weapons
 * Level 5.8 Armour
 + Level 4.3 Dodging
 + Level 2.1 Stealth


You had 9 spell levels left.
You didn't know any spells.
Your spell library was empty.

Dungeon Overview and Level Annotations

Branches:
Dungeon (7/15)             Temple (0/1) D:7          Bailey (1/1)

Altars:
Ashenzari
Elyvilon
Hepliaklqana
Okawaru
Qazlal
Sif Muna
Wu Jian
Yredelemnul
The Shining One


Innate Abilities, Weirdness & Mutations

You are immune to sickness and miasma.
Your stone body is resilient. (AC +7)
You are immune to poison.
You resist negative energy. (rN+)
You are resistant to electric shocks. (rElec)
You are resistant to unholy torment.
You are immune to petrification.


Message History

The orc knight looks as sick as possible!
The orc knight barely misses you.
You closely miss the orc knight.
The orc knight is almost dead.
The orc knight is engulfed in poison gas.
The orc knight looks as sick as possible!
The orc knight roars a battlecry!
The orc warrior goes into a battle-frenzy!
You completely miss the orc knight.
The orc knight is almost dead.
You hit the orc knight but do no damage.
The orc knight is almost dead.
You kill the orc knight!
Trog accepts your kill.
Your Stealth skill increases to level 2!
Throw: 39 stones
Press: ? - help, Q - select action, (/) - cycle Shift-Dir - straight line, f - orc warrior
Aim: an orc warrior, wielding a +0 spear and wearing a +0 ring mail (strong, 53% to hit)
You throw a stone.
The stone closely misses the orc warrior.
Throw: 38 stones
Press: ? - help, Q - select action, (/) - cycle Shift-Dir - straight line, f/p - orc warrior
Aim: an orc warrior, wielding a +0 spear and wearing a +0 ring mail (strong, 53% to hit)
You throw a stone.
The stone hits the orc warrior but does no damage.
The orc warrior closely misses you.
Things that are here:
a +0 bardiche; a +0 plate armour You barely miss the orc warrior.
The orc warrior hits you with a +0 spear.
* * * LOW HITPOINT WARNING * * *
You hit the orc warrior but do no damage.
The orc warrior barely misses you.
You barely miss the orc warrior.
You hit the orc warrior but do no damage.
The orc warrior barely misses you.
You hit the orc warrior.
The orc warrior is lightly wounded.
The orc warrior hits you with a +0 spear!
You die...

#♣.≈≈≈≈≈♣♣....
#...≈≈≈≈≈♣..#
##.♣..≈≈≈≈♣..# #
###.....≈≈≈≈...# ..
♣♣♣....♣..≈≈≈≈.♣.## ..
♣♣.........≈≈≈≈....#..#
♣........)######...#.8#
♣..∩.....).........#..#
♣.....@o...........'..#
♣....).....).......'..#
♣..∩...............#..#
♣.........######...#.8#
♣♣......♣..≈≈≈≈)...#..#
♣♣♣...♣♣..≈≈≈≈...## ..
###.....≈≈≈≈...# ..
####..≈≈≈≈≈..# #
#...≈≈≈≈..##


You could see an orc warrior (strong).

Vanquished Creatures
  An orc knight (Bailey)
  The ghost of yeehawbw the Insei, a novice OpTm of Makhleb (D:6)
  A steam dragon (D:6)
  Menkaure (D:5)
  3 orc warriors
  2 black bears (D:6)
  A phantom (D:6)
  2 bullfrogs (D:6)
  5 necrophages
  3 scorpions
  A hound (D:5)
  A jelly (D:5)
  A gnoll bouda (D:5)
  2 orc priests (D:7)
  2 iguanas
  4 orc wizards
  9 gnolls
  7 adders
  A white imp (D:6)
  An ufetubus (D:5)
  3 dart slugs
  2 worms
  22 orcs
  5 ball pythons
  6 bats
  5 endoplasms
  4 giant cockroaches
  5 hobgoblins
  4 quokkas
  5 frilled lizards
  9 goblins
  10 kobolds
  3 rats
132 creatures vanquished.

Notes
Turn   | Place    | Note
-------+----------+-------------------------------------------
     0 | D:1      | KittyFluff the Gargoyle Berserker began the quest for the
                  | Orb.
     0 | D:1      | Reached XP level 1. HP: 14/14 MP: 1/1
   481 | D:1      | Reached XP level 2. HP: 19/19 MP: 2/2
   852 | D:1      | Reached XP level 3. HP: 23/23 MP: 3/3
  1197 | D:2      | Reached ** piety under Trog
  1354 | D:2      | Reached XP level 4. HP: 29/29 MP: 4/4
  1498 | D:2      | Reached skill level 4 in Maces & Flails
  1989 | D:3      | Reached XP level 5. HP: 25/33 MP: 5/5
  2522 | D:3      | Found a broken altar of Ashenzari.
  2531 | D:3      | Found a shimmering blue altar of Sif Muna.
  3182 | D:4      | Identified the +3 ring mail "Gaemav" {rElec Will++ Dex-5}
  3216 | D:4      | Found an ornate altar of the Wu Jian Council.
  3226 | D:4      | Found a hazy altar of Hepliaklqana.
  3227 | D:4      | Found a basalt altar of Yredelemnul.
  3227 | D:4      | Found an iron altar of Okawaru.
  3227 | D:4      | Found a white marble altar of Elyvilon.
  3227 | D:4      | Found a glowing golden altar of the Shining One.
  3229 | D:4      | Found a stormy altar of Qazlal.
  3568 | D:4      | Reached skill level 5 in Maces & Flails
  3578 | D:5      | Entered Level 5 of the Dungeon
  3585 | D:5      | Reached XP level 6. HP: 37/38 MP: 6/6
  3755 | D:5      | Reached XP level 7. HP: 12/44 MP: 7/7
  4028 | D:5      | Reached skill level 6 in Maces & Flails
  4160 | D:5      | Identified the +7 spear "KittyFluff's Bane" {vorpal, Fly
                  | Will+ Str+3 Dex+2}
  4682 | D:5      | Noticed Menkaure
  4691 | D:5      | Killed Menkaure
  4892 | D:5      | Reached *** piety under Trog
  5072 | D:6      | Found a runed translucent gate.
  5072 | D:6      | Found a runed translucent gate.
  5072 | D:6      | Found a runed translucent gate.
  5192 | D:6      | Reached skill level 5 in Fighting
  5192 | D:6      | Reached skill level 1 in Stealth
  5192 | D:6      | Reached XP level 8. HP: 40/49 MP: 8/8
  6101 | D:6      | Reached skill level 7 in Maces & Flails
  6104 | D:6      | Noticed yeehawbw's ghost (novice OpTm)
  6255 | D:6      | Reached skill level 5 in Armour
  6480 | D:6      | Reached skill level 13 in Maces & Flails
  6480 | D:6      | Reached XP level 9. HP: 55/55 MP: 9/9
  6525 | D:6      | Killed yeehawbw's ghost
  6526 | D:6      | Reached skill level 14 in Maces & Flails
  6571 | D:7      | Found a staircase to the Ecumenical Temple.
  6776 | D:6      | Reached XP level 10. HP: 60/60 MP: 10/10
  6935 | D:7      | Found a flagged portal.
  7027 | Bailey   | Entered a bailey
  7078 | Bailey   | Reached **** piety under Trog
  7457 | Bailey   | Noticed an orc knight
  7474 | Bailey   | Killed an orc knight
  7482 | Bailey   | Slain by an orc warrior

Illustrated notes

Levels and vault maps discovered:
D:1:      arrival_zaba_pyramid, layout_loops_ring, minmay_3d_cube
D:2:      layout_loops_ring
D:3:      layout_loops_ring, amethyst_overflow_temple_binary,
          kennysheep_big_empty_room, hangedman_feature_mirror,
          reono_crystal_passage, roderic_lattice_a, serial_bayou_ford_a,
          wad_floor_pattern_1, hangedman_decor_peaks_small, hex_medium
D:4:      layout_gridville, minitemple
D:5:      layout_loops_ring, uniq_menkaure
D:6:      layout_basic, ebering_ghost_rock_garden
D:7:      layout_rooms, minmay_temple_entry_statues_fountains, enter_bailey_7
Bailey:   bailey_polearm_elven_captive_hellmonk, bailey

Skill      XL: |  1  2  3  4  5  6  7  8  9 10 |
---------------+-------------------------------+-----
Dodging        | 2 3 4 |  4.3
Maces & Flails | 4 5 6 13 14 | 14.1
Armour         | 3 4 5 |  5.8
Fighting       | 4 5 6 |  6.6
Stealth        | 1 2 |  2.1
Polearms       | |  0.3
Ranged Weapons | |  0.3

Action                   |  1- 3 |  4- 6 |  7- 9 | 10-12 || total
-------------------------+-------+-------+-------+-------++-------
Melee: Mace              |    82 |   190 |   262 |    89 ||   623
       Punch             |     1 |     1 |     2 |       ||     4
       Spear             |       |       |       |    21 ||    21
 Fire: Shortbow          |       |       |       |     5 ||     5
Throw: Stone             |       |       |       |     2 ||     2
Invok: Berserk           |       |     1 |     2 |     1 ||     4
  Use: Scroll            |       |     3 |     6 |     1 ||    10
       Potion            |       |       |     1 |     1 ||     2
Armor: Animal skin       |     2 |       |       |       ||     2
       Leather armour    |    43 |    90 |   137 |    37 ||   307
Dodge: Dodged            |    52 |   115 |   175 |    58 ||   400
